 Dungeon Crawl Stone Soup version 0.20.1-1-g8b1a95d (webtiles) character file.

852 equalderp2856 the Chopper (level 7, -1/61 HPs)
             Began as a Minotaur Fighter on Sept 28, 2017.
             Slain by an ogre
             ... wielding a +0 giant club
              (21 damage)
             ... on level 5 of the Dungeon.
             The game lasted 00:04:32 (3241 turns).

equalderp2856 the Chopper (Minotaur Fighter)        Turns: 3241, Time: 00:04:34

Health: -1/61      AC: 14    Str: 20    XL:     7   Next: 69%
Magic:  6/6        EV:  5    Int:  5    God:
Gold:   213        SH: 10    Dex: 12    Spells: 6/6 levels left

rFire    . . .     SeeInvis .   a - +0 war axe
rCold    . . .     Gourm    .   c - +0 shield
rNeg     . . .     Faith    .   s - +0 plate armour
rPois    .         Spirit   .   (helmet restricted)
rElec    .         Reflect  .   (no cloak)
rCorr    .         Harm     .   e - +1 pair of gloves
MR       .....                  (no boots)
Stlth    ..........             (no amulet)
Regen    0.2/turn               (no ring)
MPRegen  0.1/turn               (no ring)

@: no status effects
A: retaliatory headbutt, horns 2
a: no special abilities


You were on level 5 of the Dungeon.
You were hungry.

You visited 1 branch of the dungeon, and saw 5 of its levels.

You collected 213 gold pieces.

Inventory:

Hand Weapons
 a - a +0 war axe (weapon)
Armour
 b - a +0 scale mail
 c - a +0 shield (worn)
 e - a +1 pair of gloves (worn)
 s - a +0 plate armour (worn)
Jewellery
 j - a cursed -3 ring of dexterity {unknown}
 w - an uncursed amulet of guardian spirit {unknown}
Scrolls
 l - a scroll of remove curse
 n - a scroll of enchant armour
 p - a scroll of immolation
 t - a scroll of fog
 u - 2 scrolls of enchant weapon {unknown}
 v - a scroll of identify
 x - a scroll of recharging
Potions
 d - 4 potions of might
 g - 3 potions of curing
 i - a potion of flight {unknown}
 k - 2 potions of agility {unknown}
 m - a potion of berserk rage {unknown}
 q - a potion of lignification {unknown}
 r - a potion of haste {unknown}
Comestibles
 f - 3 bread rations
 h - 2 meat rations
 o - 8 fruits


   Skills:
 + Level 5.4 Fighting
 + Level 7.2 Axes
 + Level 5.5 Armour
 + Level 2.3 Dodging
 + Level 0.6 Stealth
 + Level 5.3 Shields


You had 6 spell levels left.
You didn't know any spells.

Dungeon Overview and Level Annotations

Branches:
Dungeon (5/15)
 Temple: D:4-7

Altars:
Cheibriados
Dithmenos
Elyvilon
Trog


Innate Abilities, Weirdness & Mutations

You reflexively headbutt those who attack you in melee.
You have a pair of horns on your head.


Message History

You are too injured to fight recklessly!
You are too injured to fight recklessly!
You are too injured to fight recklessly!
You are too injured to fight recklessly!
You are too injured to fight recklessly!
You are too injured to fight recklessly!
You are too injured to fight recklessly!
You are too injured to fight recklessly!
You are too injured to fight recklessly!
You are too injured to fight recklessly!
You are too injured to fight recklessly!
You are too injured to fight recklessly!
You are too injured to fight recklessly!
You are too injured to fight recklessly!
You are too injured to fight recklessly!
You aren't carrying any items that you can evoke.
You barely miss the ogre.
The ogre is severely wounded.
The ogre hits you with a giant club!!
You die...

.# ...# .#.# ##.
.# #.. .# ...
#.# .# ###.
#.##.##.# ....
#....@O.#.#.#.
##.....#......
#.#.#.#......
###.#.#.#......
#...............
#.##.#.#)#......
.....#.#.#.##...
# #....(# . ..
#.##...### ##


You could see an ogre.

Vanquished Creatures
  Sigmund (D:3)
  The ghost of Baril the Magician, an amateur DEWz (D:4)
  A phantom (D:4)
  Blork the orc (D:5)
  3 howler monkeys
  A crimson imp (D:3)
  Natasha (thrice) (D:2)
  2 worker ants (D:4)
  A howler monkey zombie (D:5)
  Robin (D:2)
  6 adders
  An adder skeleton (D:4)
  A worm (D:2)
  4 leopard geckos
  5 orcs
  A ball python (D:3)
  14 bats
  4 giant cockroaches
  12 goblins
  8 hobgoblins
  4 jackals (D:1)
  3 frilled lizards
  6 kobolds
  10 rats
94 creatures vanquished.

Notes
Turn   | Place    | Note
-------+----------+-------------------------------------------
     0 | D:1      | equalderp2856 the Minotaur Fighter began the quest for the Orb.
     0 | D:1      | Reached XP level 1. HP: 19/19 MP: 0/0
   201 | D:1      | Reached XP level 2. HP: 27/27 MP: 1/1
   745 | D:2      | Reached XP level 3. HP: 29/33 MP: 2/2
   747 | D:2      | Noticed Robin
   752 | D:2      | Killed Robin
   783 | D:2      | Found a bloodstained altar of Trog.
   889 | D:2      | Reached skill level 3 in Axes
   957 | D:2      | Noticed Natasha
   962 | D:2      | Killed Natasha
   962 | D:2      | Reached skill level 1 in Dodging
   962 | D:2      | Reached XP level 4. HP: 37/41 MP: 3/3
  1119 | D:2      | Noticed Natasha
  1124 | D:2      | Killed Natasha
  1307 | D:2      | Noticed Natasha
  1311 | D:2      | Killed Natasha
  1311 | D:2      | Reached skill level 4 in Axes
  1311 | D:2      | Reached XP level 5. HP: 38/47 MP: 4/4
  1600 | D:3      | Noticed Sigmund
  1616 | D:3      | Killed Sigmund
  1616 | D:3      | Reached skill level 5 in Axes
  1616 | D:3      | Reached XP level 6. HP: 28/53 MP: 5/5
  1788 | D:3      | Reached skill level 5 in Armour
  1841 | D:3      | Found a shadowy altar of Dithmenos.
  1842 | D:3      | Found a white marble altar of Elyvilon.
  2336 | D:4      | Reached skill level 5 in Fighting
  2336 | D:4      | Reached skill level 6 in Axes
  2336 | D:4      | Reached XP level 7. HP: 53/61 MP: 6/6
  2358 | D:4      | Reached skill level 5 in Shields
  2448 | D:4      | Noticed Baril's ghost (amateur DEWz)
  2470 | D:4      | Killed Baril's ghost
  2470 | D:4      | Reached skill level 7 in Axes
  2904 | D:4      | Found a snail-covered altar of Cheibriados.
  3176 | D:5      | Entered Level 5 of the Dungeon
  3203 | D:5      | Noticed Blork the orc
  3213 | D:5      | Killed Blork the orc
  3241 | D:5      | Slain by an ogre

Skill      XL: |  1  2  3  4  5  6  7 |
---------------+----------------------+-----
Fighting       | 4 5 |  5.4
Armour         | 4 5 |  5.5
Shields        | 4 5 |  5.3
Axes           | 3 4 5 6 7 |  7.2
Dodging        | 1 2 |  2.3
Stealth        | |  0.6

Action                   |  1- 3 |  4- 6 |  7- 9 || total
-------------------------+-------+-------+-------++-------
Melee: War axe           |    89 |   106 |    73 ||   268
       Headbutt          |    11 |    16 |    10 ||    37
  Use: Scroll            |       |     5 |     2 ||     7
  Eat: Chunk             |       |     3 |     4 ||     7
Armor: Scale mail        |    46 |    28 |       ||    74
       Plate armour      |       |     7 |    36 ||    43
Dodge: Dodged            |    29 |    29 |    11 ||    69
Block: Shield            |    51 |    58 |    32 ||   141
